AoeStats
← Navix de los Bosques de Lituania

Arabia

508137318Analyzed
2v2 RM · 10d ago on Sep 21, 2026· 28m 6s· 4 players
Game mode
Random Map
Map size
Medium (4 player)
Population
200
Speed
Normal
Resources
Standard
Victory
Conquest
Starting age
Dark Age
Ending age
Imperial Age
RankedLock teamsTeams togetherTeam positionsShared explorationLock speedFull tech treeHidden civsTurbo modeCheats
Victory
Defeat
🇵🇪 Poles · Peru
728
+17
🇵🇪 Italians · Peru
690
+47
🇨🇴 Slavs · Colombia
769
-19
735
-17
Arturogu96
3:06 Loom
12:10 Feudal Age
13:00 Arson
13:22 Town Watch
18:47 Fletching
20:17 Padded Archer Armor
26:45 Castle Age
26:52 Crossbowman
27:55 Thumb Ring
[BAD] josemgu91
12:21 Feudal Age
11:31 Loom
16:09 Castle Age
14:21 Double-Bit Axe
16:32 Scale Barding Armor
21:16 Forging
23:35 Bloodlines
23:25 Husbandry
23:34 Light Cavalry
25:36 Iron Casting
27:17 Chain Barding Armor
Navix de los Bosques de Lituania
5:33 Loom
11:44 Feudal Age
12:48 Man-at-Arms
13:13 Arson
13:45 Long Swordsman
15:26 Forging
20:23 Scale Mail Armor
20:59 Pikeman
Derzer
8:32 Loom
10:39 Feudal Age
11:38 Double-Bit Axe
14:41 Man-at-Arms
20:53 Horse Collar
21:59 Forging
Connection lost

Rejoining the realm…

Still unreachable

The connection could not be restored.

Session expired

The server has moved on; the page needs a fresh start.